 Dungeon Crawl Stone Soup version 0.30-a0-989-g0d87f670db (webtiles) character file.

Game seed: 9571195332327894105

2 NinjaNoafa the Insei (level 1, 0/13 HPs)
             Began as an Octopode Transmuter on Apr 2, 2023.
             Slain by a hobgoblin (5 damage)
             ... on level 1 of the Dungeon.
             The game lasted 00:00:42 (28 turns).

NinjaNoafa the Insei (Octopode Transmuter)            Turns: 28, Time: 00:00:42

Health: 0/13       AC:  1    Str:  9    XL:     1   Next: 40%
Magic:  2/3        EV: 13    Int: 15    God:
Gold:   0          SH:  0    Dex: 12    Spells: 3/4 levels left

rFire   . . .      SeeInvis .      - Unarmed
rCold   . . .      Faith    .    (no shield)
rNeg    . . .      Spirit   .    (helmet currently unavailable)
rPois   .          Reflect  .    (no amulet)
rElec   .          Rampage  .    (no ring)
rCorr   .                        (no ring)
Will    .....                    (no ring)
Stlth   ++                       (no ring)
HPRegen 0.22/turn                (no ring)
MPRegen 0.08/turn                (no ring)
                                 (no ring)
                                 (no ring)

@: appendages
A: tentacle spike 3, almost no armour, amphibious, 8 rings, camouflage 1,
gelatinous body 1, (nimble swimmer 1), tentacles
a: End Transformation


You were on level 1 of the Dungeon.
One of your tentacles had grown a beastly spike.
You visited 1 branch of the dungeon, and saw 1 of its levels.

Inventory:

Potions
 a - a potion of lignification


   Skills:
 - Level 1.0 Fighting
 - Level 2.0 Dodging
 - Level 3.0 Unarmed Combat
 + Level 2.1 Spellcasting
 + Level 2.1 Transmutations


You had 3 spell levels left.
You knew the following spells:

 Your Spells              Type           Power      Damage    Failure   Level
a - Beastly Appendage     Tmut           14%        N/A       10%         1

Your spell library contained the following spells:

 Spells                   Type           Power      Damage    Failure   Level
 Wereblood                Tmut           7%         N/A       14%         2
 Magic Dart               Conj           4%         1d3       22%         1
 Call Imp                 Summ           1%         N/A       32%         2
 Spider Form              Tmut/Pois      4%         N/A       38%         3
 Mephitic Cloud           Conj/Pois/Air  1%         N/A       54%         3
 Ice Form                 Ice/Tmut       4%         N/A       80%         4


Dungeon Overview and Level Annotations

Branches:
Dungeon (1/15)

Altars:

Shops:
D:1 ?


Innate Abilities, Weirdness & Mutations

One of your tentacles has grown a beastly spike.
You cannot wear most types of armour.
You are amphibious.
You can wear up to eight rings at the same time.
Your skin changes colour to match your surroundings (Stealth+).
Your rubbery body absorbs attacks. (AC +1, EV +1)
((You are camouflaged when in or above water. (Stealth+)))
You have tentacles for arms and can constrict up to eight enemies at once.


Message History

The frilled lizard hisses angrily.
A hobgoblin comes into view.
You tentacle-slap the frilled lizard.
You kill the frilled lizard!
The hobgoblin shouts!
Found 2 gold pieces.
A bat comes into view.
A frilled lizard comes into view.
A hobgoblin comes into view.
There is an entrance to Fiyz's Magic Scroll Shop here.
The hobgoblin shouts!
You tentacle-slap the hobgoblin. Your grab misses the hobgoblin.
The hobgoblin is moderately wounded.
Casting: Beastly Appendage (safe; 10% risk of failure)
Confirm with . or Enter, or press ? or * to list all spells.
One of your tentacles grows a vicious spike.
The hobgoblin hits you.
You closely miss the hobgoblin. You grab the hobgoblin.
The hobgoblin is moderately wounded.
You constrict the hobgoblin. The bat hits you.
The hobgoblin closely misses you.
You tentacle-slap the hobgoblin but do no damage.
You pierce the hobgoblin.
You kill the hobgoblin!
The bat hits you but does no damage.
You miss the bat. You grab the bat. You constrict the bat.
The bat hits you but does no damage.
The bat escapes!
You tentacle-slap the frilled lizard but do no damage.
Your grab misses the frilled lizard. Your squeeze misses the frilled lizard.
The frilled lizard bites you but does no damage.
You barely miss the bat. You grab the bat.
You constrict the bat, but do no damage.
The bat barely misses you.
The bat escapes!
The frilled lizard bites you.
You tentacle-slap the frilled lizard.
You kill the frilled lizard!
The bat hits you. The hobgoblin hits you.
* * * LOW HITPOINT WARNING * * *
You tentacle-slap the hobgoblin but do no damage.
Your grab misses the hobgoblin. The bat closely misses you.
The hobgoblin hits you.
You die...

.. . ## ###.
.$..... ..#.#
.#.#.. #.#.##.....
#.#.#..#.#..
##.#$#8..$..
##....#†g#.#...
##....8.@.8.....
####.......b##.#.#.
##..........8.....#
#...#.............#
#♣.♣#..........[...
♣.♣#.#...###.....#
♣.♣#.##### ....##
♣.♣#.# .#.## ♣.♣#.#
.#.#


You could see a hobgoblin and a bat.

Vanquished Creatures
  A hobgoblin (D:1)
  2 frilled lizards (D:1)
3 creatures vanquished.

Notes
Turn   | Place    | Note
-------+----------+-------------------------------------------
     0 | D:1      | NinjaNoafa the Octopode Transmuter began the quest for the
                  | Orb.
     0 | D:1      | Reached XP level 1. HP: 13/13 MP: 3/3
    10 | D:1      | Found Fiyz's Magic Scroll Shop.
    28 | D:1      | Slain by a hobgoblin

Illustrated notes

Levels and vault maps discovered:
D:1:      eino_arrival_tree_alley, layout_loops_ring, serial_shops,
          nicolae_shop_statue_plus

Action                     || total
---------------------------++-------
  Melee: Unarmed           ||     9
         Constrict         ||     3
         Kick              ||     1
   Cast: Beastly Appendage ||     1
 Armour: Skin              ||     3
  Dodge: Dodged            ||     3

Table legend: (Time is in decaauts)
 A = Elapsed time spent in this place.
 B = Non-inter-level travel time spent in this place.
 C = Inter-level travel time spent in this place.
 D = Time resting spent in this place.
 E = Time spent auto-exploring this place.
 F = Levels seen in this place.
 G = Mean time per level.
                   A        B        C        D        E       F      G
               +--------+--------+--------+--------+--------+-----+--------+
         Total |     27 |     27 |      0 |      0 |     11 |   1 |   27.0 |
       Dungeon |     27 |     27 |      0 |      0 |     11 |   1 |   27.0 |
               +--------+--------+--------+--------+--------+-----+--------+

Top non-repeatable levels by time:
     D:1: 27 daAuts
